AoeStats
← Edeko Queen of the Huns

MegaRandom

503441971Analyzed
1v1 RM · 1mo ago on Aug 31, 2026· 43m 22s· 2 players
Game mode
Random Map
Map size
Tiny (2 player)
Population
200
Speed
Normal
Resources
Standard
Victory
Conquest
Starting age
Dark Age
Ending age
Imperial Age
RankedLock teamsTeams togetherTeam positionsShared explorationLock speedFull tech treeHidden civsTurbo modeCheats
Victory
Defeat
🇮🇪 Malay · Ireland
898
+16
🇩🇪 Vietnamese · Germany
893
-16
rcknr
0:42 Loom
9:39 Feudal Age
11:00 Double-Bit Axe
23:18 Castle Age
22:17 Fletching
22:28 Padded Archer Armor
22:28 Gold Mining
22:29 Horse Collar
24:41 Bow Saw
24:38 Crossbowman
26:53 Bodkin Arrow
27:34 Leather Archer Armor
28:36 Pikeman
29:17 Squires
31:15 Wheelbarrow
30:29 Town Watch
31:21 Wheelbarrow
30:37 Town Watch
31:46 Forging
31:49 Husbandry
32:00 Bloodlines
34:08 Hand Cart
36:13 Iron Casting
35:39 Scale Mail Armor
35:47 Scale Barding Armor
37:18 Thumb Ring
45:10 Imperial Age
Edeko Queen of the Huns
0:39 Loom
9:07 Feudal Age
12:35 Wheelbarrow
13:02 Forging
17:24 Man-at-Arms
18:07 Horse Collar
18:14 Double-Bit Axe
22:24 Castle Age
20:56 Arson
22:14 Long Swordsman
23:33 Bow Saw
24:58 Iron Casting
25:46 Hand Cart
26:40 Fletching
27:13 Padded Archer Armor
27:24 Husbandry
29:50 Scale Barding Armor
30:06 Elite Skirmisher
30:34 Crossbowman
32:47 Bodkin Arrow
33:33 Town Watch
34:28 Leather Archer Armor
37:42 Murder Holes
38:08 Ballistics
38:54 Thumb Ring
Connection lost

Rejoining the realm…

Still unreachable

The connection could not be restored.

Session expired

The server has moved on; the page needs a fresh start.